 Dungeon Crawl Stone Soup version 0.30-a0-728-gc68057be0a (webtiles) character file.

Game seed: 16480413169141630165

7 rancore the Grasshopper (level 2, 0/24 HPs)
             Began as a Ghoul Warper on Jan 31, 2023.
             Constricted to death by a ball python (1 damage)
             ... on level 1 of the Dungeon.
             The game lasted 00:05:56 (207 turns).

rancore the Grasshopper (Ghoul Warper)               Turns: 207, Time: 00:05:56

Health: 0/24       AC:  3    Str: 14    XL:     2   Next: 4%
Magic:  3/3        EV:  8    Int:  8    God:
Gold:   0          SH:  0    Dex:  8    Spells: 4/4 levels left

rFire   . . .      SeeInvis .      - Unarmed
rCold   + . .      Faith    .    (no shield)
rNeg    + + +      Spirit   .    a - +0 leather armour
rPois   ∞          Reflect  .    (no helmet)
rElec   .          Harm     .    (no cloak)
rCorr   .          Rampage  .    (no gloves)
Will    .....                    (no boots)
Stlth   +                        (no amulet)
HPRegen 0.00/turn                (no ring)
MPRegen 0.08/turn                (no ring)

@: inhibited regen, constricted
A: claws 1, cold resistance 1, negative energy resistance 3, inhibited
regeneration, torment resistance 2, devour on kill
a: no special abilities


You were on level 1 of the Dungeon.
You visited 1 branch of the dungeon, and saw 1 of its levels.

Inventory:

Hand Weapons
 e - a +0 dagger
Armour
 a - a +0 leather armour (worn)
Scrolls
 b - a scroll of blinking
 d - a scroll of silence {unknown}


   Skills:
 + Level 2.3 Fighting
 + Level 0.9 Throwing
 + Level 0.8 Armour
 + Level 1.8 Dodging
 + Level 2.2 Unarmed Combat
 + Level 1.9 Spellcasting
 + Level 2.8 Translocations


You had 4 spell levels left.
You didn't know any spells.
Your spell library contained the following spells:

 Spells                   Type           Power      Damage    Failure   Level
 Blink                    Tloc           10%        N/A       21%         2
 Lesser Beckoning         Tloc           10%        N/A       21%         2
 Teleport Other           Tloc           5%         N/A       38%         3
 Vhi's Electric Charge    Tloc/Air       6%         N/A       58%         3
 Manifold Assault         Tloc           5%         N/A       80%         4


Dungeon Overview and Level Annotations

Branches:
Dungeon (1/15)

Altars:


Innate Abilities, Weirdness & Mutations

You are immune to poison.
You have sharp fingernails.
Your flesh is cold resistant. (rC+)
You are immune to negative energy. (rN+++)
You do not regenerate when monsters are visible.
You are immune to unholy pain and torment.
You thrive by killing the living.


Message History

You barely miss the jackal.
The jackal is lightly wounded.
The jackal bites you but does no damage.
The jackal misses you. x2
You scratch the jackal.
The jackal is moderately wounded.
The jackal closely misses you.
The jackal bites you but does no damage.
The jackal barely misses you.
You closely miss the jackal.
The jackal is moderately wounded.
The jackal closely misses you.
You barely miss the jackal. Your claw misses the jackal.
The jackal is moderately wounded.
The jackal bites you but does no damage.
You scratch the jackal but do no damage.
The jackal closely misses you.
You scratch the jackal but do no damage.
The jackal closely misses you.
You barely miss the jackal.
The jackal is lightly wounded.
The jackal bites you. The jackal attacks as you move away!
The jackal bites you.
* * * LOW HITPOINT WARNING * * *
There are monsters nearby!
You closely miss the jackal.
The jackal is lightly wounded.
The jackal bites you but does no damage.
The jackal barely misses you.
The jackal bites you but does no damage.
A ball python comes into view.
The jackal attacks as you move away! The jackal bites you.
* * * LOW HITPOINT WARNING * * *
The jackal bites you.
* * * LOW HITPOINT WARNING * * *
The jackal barely misses you. The jackal bites you.
* * * LOW HITPOINT WARNING * * *
The ball python barely misses you. The ball python grabs you.
The ball python constricts you.
You die...

#......###....#.##.#######
#....†...........#.#
###....#.......###.#
#....#..†....# #.#
#....#.......# #.#
#....#.......###.#######
#....#.................#
######........h........#
#.......@S.........
########..h........
#........... #...........
#........... #...........
#........... #...........


You could see 2 jackals and a ball python.

Vanquished Creatures
  A dart slug (D:1)
  A giant cockroach (D:1)
  A jackal (D:1)
  A frilled lizard (D:1)
  2 rats (D:1)
6 creatures vanquished.

Notes
Turn   | Place    | Note
-------+----------+-------------------------------------------
     0 | D:1      | rancore the Ghoul Warper began the quest for the Orb.
     0 | D:1      | Reached XP level 1. HP: 17/17 MP: 2/2
   173 | D:1      | Reached XP level 2. HP: 16/24 MP: 3/3
   205 | D:1      | HP: 1/24 [jackal (2)]
   207 | D:1      | Constricted to death by a ball python

Illustrated notes

Levels and vault maps discovered:
D:1:      ebering_trefoil_twist, layout_basic

Action                     || total
---------------------------++-------
  Melee: Unarmed           ||    29
         Punch             ||     1
  Throw: Boomerang         ||     7
         Stone             ||     6
 Armour: Leather armour    ||    14
  Dodge: Dodged            ||    23

Table legend: (Time is in decaauts)
 A = Elapsed time spent in this place.
 B = Non-inter-level travel time spent in this place.
 C = Inter-level travel time spent in this place.
 D = Time resting spent in this place.
 E = Time spent auto-exploring this place.
 F = Levels seen in this place.
 G = Mean time per level.
                   A        B        C        D        E       F      G
               +--------+--------+--------+--------+--------+-----+--------+
         Total |    207 |    197 |     10 |     25 |     31 |   1 |  207.0 |
       Dungeon |    207 |    197 |     10 |     25 |     31 |   1 |  207.0 |
               +--------+--------+--------+--------+--------+-----+--------+

Top non-repeatable levels by time:
     D:1: 207 daAuts
